[ AOE2 MATCH · #506522684 ]
UnrankedKhmer vs Cumans
Player's team · LOSS
Rival team · WIN
[ REPLAY ANALYSIS · EXTRACTED FROM THE RECORDED GAME ]
Feudal
9:03
Castle
27:13
Imperial
—
| APM avg | 33.7 |
| APM peak | 90 |
| eAPM avg | 17.4 |
| Villagers / military | 51 / 21 |
Focus
⚔️ 21.0% · 🌾 79.0%
Scout Cavalry ×21
Feudal
10:11
Castle
24:04
Imperial
—
| APM avg | 46.9 |
| APM peak | 89 |
| eAPM avg | 25.6 |
| Villagers / military | 61 / 24 |
Focus
⚔️ 16.9% · 🌾 83.1%
Archer ×17 · Battering Ram ×7
Match map
Initial resources + every placement click. Lines = walls · curves = elevation contours. ◆ gold · ⬟ stone · ● berries · ✦ relic · ◌ wall gap
Your base· ✓ Closed at 27:13 · 0t walls · 3 gate(s)
Zappcz's base· ✓ Closed at 24:04 · 1t walls · 4 gate(s)
Smoothed initial terrain · ◌ = detected wall gap · hover for details
Inputs per minute
— iorek - - Zappcz
Build order — iorek
122 actions detected in the replay
| 0:00 | Queue | Villager (Male) |
| 0:01 | Queue | Villager (Male) |
| 0:01 | Queue | Villager (Male) |
| 0:02 | Build | House |
| 0:04 | Build | House |
| 0:04 | Queue | Villager (Male) |
| 1:29 | Queue | Villager (Male) |
| 1:44 | Build | Lumber Camp |
| 1:55 | Queue | Villager (Male) |
| 2:14 | Build | House |
| 2:15 | Build | House |
| 2:22 | Queue | Villager (Male) |
| 2:55 | Queue | Villager (Male) |
| 3:11 | Queue | Villager (Male) |
| 3:48 | Queue | Villager (Male) |
| 3:59 | Queue | Villager (Male) |
| 4:27 | Queue | Villager (Male) |
| 4:57 | Queue | Villager (Male) |
| 5:27 | Queue | Villager (Male) |
| 5:27 | Queue | Villager (Male) |
| 5:28 | Queue | Villager (Male) |
| 5:41 | Build | Mill |
| 5:47 | Queue | Villager (Male) |
| 6:09 | Queue | Villager (Male) |
| 6:53 | Research | Feudal Age |
| 7:42 | Build | Lumber Camp |
| 7:49 | Build | Mill |
| 8:30 | Queue | Villager (Male) |
| 8:30 | Queue | Villager (Male) |
| 8:30 | Queue | Villager (Male) |
| 9:03 | Age | Feudal Age |
| 9:06 | Queue | Villager (Male) |
| 9:07 | Queue | Villager (Male) |
| 9:26 | Build | Barracks |
| 9:32 | Queue | Villager (Male) |
| 9:48 | Build | House |
| 9:49 | Build | House |
| 10:04 | Build | House |
| 10:24 | Build | Mining Camp |
| 10:33 | Queue | Villager (Male) |
| 10:37 | Research | Double-Bit Axe |
| 10:42 | Build | House |
| 10:48 | Research | Horse Collar |
| 10:54 | Queue | Villager (Male) |
| 11:37 | Queue | Villager (Male) |
| 11:51 | Research | Wheelbarrow |
| 12:00 | Queue | Villager (Male) |
| 12:15 | Queue | Villager (Male) |
| 12:15 | Queue | Villager (Male) |
| 13:08 | Build | Stable |
| 13:18 | Build | Blacksmith |
| 13:20 | Queue | Villager (Male) |
| 13:25 | Queue | Villager (Male) |
| 13:39 | Build | Farm |
| 13:39 | Build | Farm |
| 13:46 | Build | Farm |
| 13:47 | Build | Farm |
| 13:47 | Build | Farm |
| 14:09 | Research | Loom |
| 14:24 | Queue | Scout Cavalry |
| 14:24 | Queue | Scout Cavalry |
| 14:25 | Queue | Scout Cavalry |
| 14:33 | Build | Stable |
| 14:40 | Queue | Villager (Male) |
| 14:40 | Queue | Villager (Male) |
| 15:23 | Queue | Scout Cavalry |
| 16:02 | Queue | Villager (Male) |
| 16:02 | Queue | Villager (Male) |
| 16:03 | Queue | Villager (Male) |
| 16:03 | Queue | Villager (Male) |
| 16:30 | Queue | Scout Cavalry |
| 16:30 | Queue | Scout Cavalry |
| 16:30 | Queue | Scout Cavalry |
| 16:30 | Queue | Scout Cavalry |
| 18:27 | Queue | Scout Cavalry |
| 18:53 | Build | Farm |
| 18:54 | Build | Farm |
| 18:54 | Build | Farm |
| 18:55 | Build | Farm |
| 18:56 | Build | Farm |
| 19:27 | Build | Farm |
| 19:27 | Build | Farm |
| 19:44 | Queue | Villager (Male) |
| 19:45 | Queue | Villager (Male) |
| 19:45 | Queue | Villager (Male) |
| 20:05 | Build | Farm |
| 20:16 | Build | Farm |
| 20:18 | Build | Farm |
| 20:21 | Queue | Scout Cavalry |
| 20:35 | Queue | Scout Cavalry |
| 20:35 | Queue | Scout Cavalry |
| 20:43 | Queue | Villager (Male) |
| 20:51 | Build | House |
| 20:53 | Build | House |
| 20:57 | Queue | Scout Cavalry |
| 21:09 | Build | Farm |
| 21:10 | Build | Farm |
| 21:11 | Build | Farm |
| 21:14 | Queue | Scout Cavalry |
| 21:27 | Queue | Scout Cavalry |
| 22:02 | Build | Watch Tower |
| 22:13 | Queue | Scout Cavalry |
| 22:13 | Queue | Scout Cavalry |
| 22:37 | Build | Mining Camp |
| 22:47 | Queue | Scout Cavalry |
| 22:48 | Queue | Scout Cavalry |
| 22:53 | Queue | Villager (Male) |
| 23:00 | Queue | Villager (Male) |
| 23:04 | Build | Farm |
| 23:05 | Build | Farm |
| 23:35 | Queue | Villager (Male) |
| 23:37 | Queue | Scout Cavalry |
| 24:33 | Research | Castle Age |
| 24:55 | Queue | Scout Cavalry |
| 26:33 | Queue | Villager (Male) |
| 26:33 | Queue | Villager (Male) |
| 26:33 | Queue | Villager (Male) |
| 26:51 | Queue | Villager (Male) |
| 27:13 | Age | Castle Age |
| 27:18 | Build | Siege Workshop |
| 27:23 | Queue | Villager (Male) |
| 27:24 | Queue | Villager (Male) |
Build order — Zappcz
141 actions detected in the replay
| 0:01 | Queue | Villager (Male) |
| 0:02 | Build | House |
| 0:03 | Build | House |
| 0:06 | Queue | Villager (Male) |
| 0:06 | Queue | Villager (Male) |
| 0:06 | Queue | Villager (Male) |
| 0:06 | Queue | Villager (Male) |
| 1:30 | Queue | Villager (Male) |
| 1:30 | Queue | Villager (Male) |
| 1:46 | Build | Lumber Camp |
| 2:01 | Queue | Villager (Male) |
| 2:02 | Queue | Villager (Male) |
| 2:16 | Queue | Villager (Male) |
| 2:16 | Queue | Villager (Male) |
| 2:47 | Queue | Villager (Male) |
| 2:48 | Queue | Villager (Male) |
| 3:09 | Queue | Villager (Male) |
| 3:10 | Queue | Villager (Male) |
| 3:23 | Build | House |
| 3:37 | Queue | Villager (Male) |
| 3:37 | Queue | Villager (Male) |
| 3:52 | Build | Mill |
| 4:05 | Queue | Villager (Male) |
| 4:05 | Queue | Villager (Male) |
| 4:39 | Queue | Villager (Male) |
| 4:40 | Queue | Villager (Male) |
| 4:50 | Queue | Villager (Male) |
| 4:50 | Queue | Villager (Male) |
| 4:51 | Queue | Villager (Male) |
| 5:34 | Build | Lumber Camp |
| 5:53 | Queue | Villager (Male) |
| 5:53 | Queue | Villager (Male) |
| 6:24 | Build | Mining Camp |
| 6:28 | Queue | Villager (Male) |
| 6:32 | Build | House |
| 7:20 | Queue | Villager (Male) |
| 7:50 | Build | Mining Camp |
| 8:01 | Research | Feudal Age |
| 8:32 | Build | Barracks |
| 9:30 | Build | House |
| 9:53 | Queue | Villager (Male) |
| 10:11 | Age | Feudal Age |
| 10:12 | Build | Archery Range |
| 10:17 | Build | Blacksmith |
| 10:21 | Research | Double-Bit Axe |
| 10:38 | Queue | Villager (Male) |
| 10:55 | Build | Siege Workshop |
| 10:57 | Queue | Archer |
| 10:57 | Queue | Archer |
| 11:20 | Queue | Villager (Male) |
| 11:43 | Queue | Battering Ram |
| 11:55 | Queue | Villager (Male) |
| 12:07 | Queue | Archer |
| 12:14 | Build | Mining Camp |
| 12:23 | Queue | Villager (Male) |
| 12:30 | Queue | Archer |
| 12:47 | Build | House |
| 12:51 | Queue | Archer |
| 12:55 | Queue | Villager (Male) |
| 12:59 | Build | House |
| 13:03 | Build | House |
| 13:19 | Build | Farm |
| 13:23 | Queue | Villager (Male) |
| 13:25 | Queue | Archer |
| 13:55 | Queue | Archer |
| 13:59 | Build | Farm |
| 14:07 | Queue | Battering Ram |
| 14:31 | Queue | Villager (Male) |
| 14:31 | Queue | Villager (Male) |
| 14:32 | Research | Loom |
| 14:43 | Build | Watch Tower |
| 14:47 | Queue | Archer |
| 14:57 | Build | Palisade Wall |
| 15:11 | Queue | Battering Ram |
| 15:15 | Queue | Villager (Male) |
| 15:16 | Build | Farm |
| 15:46 | Queue | Archer |
| 15:56 | Build | Farm |
| 15:57 | Queue | Villager (Male) |
| 16:32 | Queue | Archer |
| 16:36 | Queue | Villager (Male) |
| 16:38 | Build | Farm |
| 16:42 | Build | Farm |
| 16:51 | Build | Watch Tower |
| 16:58 | Queue | Archer |
| 17:15 | Queue | Archer |
| 17:53 | Queue | Archer |
| 18:00 | Queue | Villager (Male) |
| 18:03 | Build | Farm |
| 18:14 | Queue | Archer |
| 18:20 | Build | Farm |
| 18:22 | Build | Farm |
| 18:25 | Build | Farm |
| 18:27 | Build | Farm |
| 18:30 | Queue | Villager (Male) |
| 18:39 | Build | Watch Tower |
| 19:06 | Queue | Villager (Male) |
| 19:12 | Build | Farm |
| 19:45 | Queue | Battering Ram |
| 19:57 | Research | Fletching |
| 19:58 | Queue | Villager (Male) |
| 20:19 | Build | Market |
| 20:30 | Build | Farm |
| 20:31 | Queue | Villager (Male) |
| 20:51 | Build | House |
| 21:01 | Queue | Battering Ram |
| 21:24 | Research | Castle Age |
| 22:19 | Build | Town Center |
| 22:41 | Queue | Archer |
| 23:21 | Build | Palisade Gate |
| 23:36 | Queue | Villager (Male) |
| 23:38 | Queue | Villager (Male) |
| 23:45 | Queue | Villager (Male) |
| 23:46 | Research | Stone Mining |
| 23:49 | Queue | Villager (Male) |
| 24:04 | Age | Castle Age |
| 24:07 | Research | Capped Ram (upgrade) |
| 24:26 | Queue | Villager (Male) |
| 24:26 | Queue | Villager (Male) |
| 24:33 | Build | House |
| 24:43 | Queue | Archer |
| 24:47 | Queue | Villager (Male) |
| 24:47 | Queue | Villager (Male) |
| 25:08 | Build | Watch Tower |
| 25:54 | Research | Crossbowman (upgrade) |
| 25:55 | Queue | Archer |
| 26:03 | Queue | Battering Ram |
| 26:16 | Queue | Villager (Male) |
| 26:18 | Queue | Villager (Male) |
| 26:21 | Queue | Villager (Male) |
| 26:21 | Queue | Villager (Male) |
| 26:40 | Build | Watch Tower |
| 26:43 | Queue | Battering Ram |
| 26:50 | Queue | Villager (Male) |
| 26:51 | Queue | Villager (Male) |
| 26:53 | Build | House |
| 27:00 | Build | House |
| 27:14 | Build | Farm |
| 28:24 | Build | Castle |
| 28:32 | Queue | Villager (Male) |
| 28:32 | Queue | Villager (Male) |
Match timeline
| 8:32 | Zappcz · first_building Barracks |
| 9:03 | iorek · age_up feudal |
| 9:26 | iorek · first_building Barracks |
| 10:11 | Zappcz · age_up feudal |
| 10:12 | Zappcz · first_building Archery Range |
| 10:55 | Zappcz · first_building Siege Workshop |
| 13:08 | iorek · first_building Stable |
| 14:57 | Zappcz · wall_segment Palisade Wall x1 |
| 21:06 | Zappcz · first_market_sell 100 stone |
| 21:09 | Zappcz · first_market_buy 100 food |
| 24:04 | Zappcz · age_up castle |
| 27:13 | iorek · age_up castle |
| 27:18 | iorek · first_building Siege Workshop |
| 28:24 | Zappcz · first_building Castle |
| 29:10 | iorek · resign |
[ AI ANALYSIS · 1 CREDIT ]
What really happened in this match?
Wolo.gg analyzes every decision: build order, eco, micro, common mistakes by bracket. Personalized analysis on WhatsApp or Discord in 30 seconds.
Civ guide
Khmer
Perfil
Jugador #11014229